 Dungeon Crawl Stone Soup version 0.22-a0-515-g75794bf (webtiles) character file.

905 EonDragon20 the Infuser (level 8, -3/56 HPs)
             Began as a Merfolk Skald on June 19, 2018.
             Was an Initiate of Okawaru.
             Slain by a hornet (13 damage)
             ... on level 7 of the Dungeon.
             The game lasted 00:24:14 (8493 turns).

EonDragon20 the Infuser (Merfolk Skald)             Turns: 8493, Time: 00:24:15

Health: -3/56      AC:  7    Str: 13    XL:     8   Next: 8%
Magic:  10/11      EV: 12    Int: 13    God:    Okawaru [......]
Gold:   298        SH:  2    Dex: 13    Spells: 0/11 levels left

rFire    + . .     SeeInvis .   a - +2 spear
rCold    . . .     Gourm    .   (no shield)
rNeg     . . .     Faith    .   p - +2 leather armour {rF+}
rPois    .         Spirit   .   (no helmet)
rElec    .         Reflect  +   (no cloak)
rCorr    .         Harm     .   j - +0 pair of gloves
MR       .....                  e - +0 pair of boots
Stlth    +.........             w - +2 amulet of reflection
HPRegen  0.18/turn              (no ring)
MPRegen  0.12/turn              (no ring)

@: lethally poisoned (-3 -> -8), about to teleport
A: change form in water, swift swim, stealthy swim
a: Renounce Religion


You were on level 7 of the Dungeon.
You worshipped Okawaru.
Okawaru was noncommittal.
You were not hungry.

You visited 2 branches of the dungeon, and saw 8 of its levels.

You collected 298 gold pieces.

Inventory:

Hand Weapons
 a - a +2 spear (weapon)
Armour
 e - a +0 pair of boots (worn)
 j - a +0 pair of gloves (worn)
 l - +0 pearl dragon scales
 p - a +2 leather armour of fire resistance (worn)
Jewellery
 f - an uncursed ring of ice
 w - a +2 amulet of reflection (around neck)
Wands
 o - a wand of scattershot (7)
Scrolls
 c - 4 scrolls of teleportation
 g - 3 scrolls of remove curse
 t - a scroll of amnesia
 u - a scroll of blinking {unknown}
Potions
 b - a potion of flight {unknown}
 h - a potion of resistance {unknown}
 i - a potion of degeneration {unknown}
 m - a potion of might {unknown}
 n - 2 potions of mutation
 q - 2 potions of cancellation
 r - 2 potions of brilliance {unknown}
 s - a potion of agility {unknown}
 v - a potion of curing
Comestibles
 d - 6 rations
 k - 4 chunks of flesh


   Skills:
 - Level 2.1 Fighting
 + Level 7.9 Polearms
 - Level 0.6 Armour
 - Level 2.6 Dodging
 - Level 2.0 Spellcasting
 * Level 8.7 Charms


You couldn't memorise any spells.
You knew the following spells:

 Your Spells              Type           Power        Failure   Level  Hunger
a - Infusion              Chrm           ###.         1%          1    ##.....
b - Song of Slaying       Chrm           ###.....     1%          2    ###....
c - Shroud of Golubria    Chrm/Tloc      ##........   9%          2    ###....
d - Spectral Weapon       Hex/Chrm       ##......     16%         3    ####...
e - Regeneration          Chrm/Necr      ##........   16%         3    ####...

Your spell library contained the following spells:

 Spells                   Type           Power        Failure   Level  Hunger
 Conjure Flame            Conj/Fire      #.......     67%         3    ####...
 Freezing Cloud           Conj/Ice/Air   #.........   100%        6    #######
 Mephitic Cloud           Conj/Pois/Air  #.......     67%         3    ####...
 Ring of Flames           Chrm/Fire      ##........   100%        7    #######
 Poisonous Vapours        Pois/Air       #.....       43%         2    ###....


Dungeon Overview and Level Annotations

Branches:
Dungeon (7/15)             Temple (1/1) D:5

Altars:
Ashenzari
Dithmenos
Elyvilon
Gozag
Hepliaklqana
Kikubaaqudgha
Okawaru
Qazlal
Ru
Sif Muna
Trog
Uskayaw
Vehumet
Wu Jian
Yredelemnul
Zin
The Shining One

Annotations:
D:3 1 runed door
D:5 3 runed doors, Romaha's ghost, novice VSGl
D:7 Dowan; Duvessa


Message History

The iguana hisses angrily.
You see here a chain mail.
The bullfrog skeleton misses you. The hound skeleton misses you.
The bullfrog skeleton hits you.
The hound skeleton bites you but does no damage.
The hornet stings you.
* * * LOW HITPOINT WARNING * * *
You are poisoned.
You feel yourself slow down.
You feel yourself speed up.
You feel sick.
Dowan mumbles some strange words.
Dowan blinks!
The hornet barely misses you.
The bullfrog skeleton closely misses you.
The hound skeleton bites you.
* * * LOW HITPOINT WARNING * * *
A killer bee zombie comes into view.
As you read the scroll of teleportation, it crumbles to dust.
You feel strangely unstable. The hornet stings you!
You die...

.._..# # #............#
#...##.######### #.#......?...#
##§##....#.....###....Z..nol###
................##...........####
.e...........e.........Z..#.y#...
!............§..[.l..............
##...........e............#.##...
#.............ZZyo..............
#..............@#........##.....
#.......$.......#........#......
#.........?...#................
#............ ....... ...###.#
#####.##..#. ..#.... ##.# #....
......# ##... #.... .... ##....
..... ..... #..... #.>...


You could see Duvessa, a hornet, Dowan, an iguana, an orc, a killer bee zombie
(wandering), 2 hound skeletons and a bullfrog skeleton.

Vanquished Creatures
  A black bear (D:6)
  An ice beast (D:6)
  A phantom (D:4)
  An ogre (D:6)
  A scorpion (D:4)
  A howler monkey (D:4)
  A crimson imp (D:6)
  3 hounds
  A jelly (D:6)
  2 iguanas (D:5)
  Ijyb (D:3)
  2 worker ants (D:4)
  A hound zombie (D:7)
  A hound skeleton (D:4)
  A gnoll (D:1)
  A howler monkey skeleton (D:7)
  5 adders
  A shadow imp (D:6)
  3 dart slugs
  6 leopard geckos
  6 giant cockroaches
  7 goblins
  6 hobgoblins
  4 jackals (D:2)
  A quokka (D:4)
  3 ball pythons
  8 bats
  4 frilled lizards
  4 kobolds
  A leopard gecko skeleton (D:5)
  A quokka skeleton (D:5)
  7 rats
87 creatures vanquished.

Notes
Turn   | Place    | Note
-------+----------+-------------------------------------------
     0 | D:1      | EonDragon20 the Merfolk Skald began the quest for the Orb.
     0 | D:1      | Reached XP level 1. HP: 16/16 MP: 3/3
   195 | D:1      | Reached XP level 2. HP: 6/22 MP: 0/5
   485 | D:1      | Reached skill level 4 in Charms
   492 | D:1      | Learned a level 2 spell: Song of Slaying
   495 | D:1      | Learned a level 2 spell: Shroud of Golubria
   570 | D:1      | Reached XP level 3. HP: 26/27 MP: 6/6
  1500 | D:2      | Reached XP level 4. HP: 26/33 MP: 7/7
  1563 | D:2      | Found a sacrificial altar of Ru.
  1874 | D:2      | Reached skill level 5 in Charms
  2878 | D:3      | Found a runed door.
  3277 | D:3      | Noticed Ijyb
  3325 | D:3      | Killed Ijyb
  3325 | D:3      | Reached XP level 5. HP: 14/38 MP: 0/8
  3532 | D:3      | Reached skill level 5 in Polearms
  3928 | D:4      | Found an ornate altar of the Wu Jian Council.
  3968 | D:4      | Noticed a phantom
  4217 | D:4      | Found a shattered altar of Ashenzari.
  4382 | D:4      | Reached skill level 6 in Charms
  4427 | D:4      | Learned a level 3 spell: Spectral Weapon
  4756 | D:4      | Killed a phantom
  4756 | D:4      | Reached XP level 6. HP: 30/44 MP: 0/9
  5208 | D:5      | Entered Level 5 of the Dungeon
  5654 | D:4      | Reached skill level 7 in Charms
  5696 | D:5      | Reached XP level 7. HP: 31/50 MP: 5/10
  5871 | D:5      | Found a staircase to the Ecumenical Temple.
  6085 | D:5      | Found a runed gate.
  6085 | D:5      | Found a runed gate.
  6085 | D:5      | Found a runed gate.
  6097 | D:5      | Noticed Romaha's ghost (novice VSGl)
  6734 | Temple   | Entered the Ecumenical Temple
  6980 | Temple   | Became a worshipper of Warmaster Okawaru
  7667 | D:6      | Reached skill level 8 in Charms
  7729 | D:6      | Noticed a hippogriff
  8093 | D:6      | Found a white marble altar of Elyvilon.
  8285 | D:6      | Reached XP level 8. HP: 43/56 MP: 5/11
  8380 | D:6      | Learned a level 3 spell: Regeneration
  8452 | D:7      | Noticed a hornet
  8459 | D:7      | Paralysed by a hornet for 1 turns
  8467 | D:7      | Paralysed by a hornet for 1 turns
  8477 | D:7      | Found a deep blue altar of Sif Muna.
  8477 | D:7      | Noticed Duvessa
  8477 | D:7      | Noticed Dowan
  8493 | D:7      | Slain by a hornet

Vault maps used:
D:1:      minmay_arrival_radiant_lines
D:2:      hangedman_ru_absence, first_ration
D:3:      minmay_door_square, uniq_crazy_yiuf_cottage, uniq_ijyb
D:4:      kennysheep_mini_moat, overflow_temple_1_default
D:5:      minmay_temple_entry_overgrown, gammafunk_ghost_necromancy
D:6:      elyvilon_altar_1
D:7:      nicolae_overflow_hidden_temple, led_sif_book, doesnt_xom_only_xom,
          the_bakery, uniq_duvessa
Temple:   hc_temple_tempest_star

Skill      XL: |  1  2  3  4  5  6  7 |
---------------+----------------------+-----
Charms         | 4 5 6 7 8 |  8.7
Polearms       | 4 5 6 7 |  7.9
Fighting       | |  2.1
Armour         | |  0.6
Dodging        | |  2.6
Spellcasting   | |  2.0

Action                   |  1- 3 |  4- 6 |  7- 9 || total
-------------------------+-------+-------+-------++-------
Melee: Spear             |   161 |   262 |   121 ||   544
       Tailslap          |     1 |       |       ||     1
 Cast: Infusion          |     2 |     5 |       ||     7
       Shroud of Golubri |     2 |    12 |     6 ||    20
       Song of Slaying   |       |     1 |       ||     1
       Spectral Weapon   |       |     6 |    11 ||    17
  Use: Scroll            |     5 |     6 |    10 ||    21
       Potion            |       |       |     2 ||     2
 Stab: Distracted        |       |     1 |     2 ||     3
  Eat: Chunk             |     2 |    11 |     5 ||    18
       Ration            |       |     1 |     2 ||     3
Armor: Leather armour    |    50 |    60 |    45 ||   155
Dodge: Dodged            |   111 |   153 |    69 ||   333
Block: Other             |       |       |     2 ||     2

Table legend:
 A = Spawn XP
 B = Non-spawn XP
 C = Spawn XP percentage of total XP
 D = Spawn monster count
 E = Non-spawn monster count
 F = Spawn count percentage of total count
 G = Total turns spent on level
                    A         B        C        D         E        F      G
               +---------+---------+-------+---------+---------+-------+---------
         Total |       0 |    1294 |   0.0 |       0 |      87 |   0.0 |  8493
               +---------+---------+-------+---------+---------+-------+---------
           D:1 |       0 |      53 |   0.0 |       0 |      22 |   0.0 |  1128
           D:2 |       0 |      71 |   0.0 |       0 |      25 |   0.0 |  1567
           D:3 |       0 |      72 |   0.0 |       0 |      13 |   0.0 |  1296
           D:4 |       0 |     354 |   0.0 |       0 |      10 |   0.0 |  1830
           D:5 |       0 |     162 |   0.0 |       0 |       7 |   0.0 |   939
           D:6 |       0 |     546 |   0.0 |       0 |       8 |   0.0 |  1347
           D:7 |       0 |      36 |   0.0 |       0 |       2 |   0.0 |   112
               +---------+---------+-------+---------+---------+-------+---------
